 Dungeon Crawl Stone Soup version 0.20-a0-640-g62ed22f (webtiles) character file.

847 polly the Slasher (level 7, 0/54 HPs)
             Began as a Demonspawn Gladiator on Feb 13, 2017.
             Was a Follower of Yredelemnul.
             Slain by Edmund
             ... wielding a +4 dire flail of crushing
              (10 damage)
             ... on level 5 of the Dungeon.
             The game lasted 00:06:37 (4254 turns).

polly the Slasher (Demonspawn Gladiator)            Turns: 4254, Time: 00:06:37

Health: 0/54       AC:  4    Str: 16      XL:     7   Next: 68%
Magic:  7/7        EV: 13    Int: 10      God:    Yredelemnul [*.....]
Gold:   271        SH:  0    Dex: 13 (14) Spells: 6/6 levels left

rFire    . . .     SeeInvis .   a - +0 long sword
rCold    . . .     Gourm    .   b - +0 leather armour
rNeg     . . .     Faith    .   (no shield)
rPois    .         Spirit   .   (helmet restricted)
rElec    .         Reflect  .   (no cloak)
rCorr    +         Harm     .   (no gloves)
MR       .....                  j - +0 pair of boots
Stlth    ++........             g - amulet of regeneration
Regen    0.6/turn               (no ring)
MPRegen  0.1/turn               p - ring of resist corrosion

@: no status effects
A: antennae 1, demonic guardian 1
a: Animate Remains, Renounce Religion


You were on level 5 of the Dungeon.
You worshipped Yredelemnul.
Yredelemnul was aware of your devotion.
You were not hungry.

You visited 1 branch of the dungeon, and saw 5 of its levels.
You also visited: Sewer.

You collected 271 gold pieces.

Inventory:

Hand Weapons
 a - a +0 long sword (weapon)
Missiles
 d - 3 throwing nets (quivered)
Armour
 b - a +0 leather armour (worn)
 c - a +0 helmet
 j - a +0 pair of boots (worn)
Jewellery
 g - an amulet of regeneration (around neck)
 p - a ring of resist corrosion (left hand)
 v - an uncursed ring of flight {unknown}
Scrolls
 e - 2 scrolls of enchant armour {unknown}
 h - 7 scrolls of identify {unknown}
 l - 2 scrolls of remove curse {unknown}
 o - 2 scrolls of random uselessness {unknown}
 q - 2 scrolls of teleportation {unknown}
 y - a scroll of noise {unknown}
 D - a scroll of fear {unknown}
Potions
 i - 2 potions of heal wounds {unknown}
 k - a potion of agility
 m - a potion of ambrosia {unknown}
 n - a potion of brilliance {unknown}
 r - a potion of invisibility {unknown}
 s - a potion of resistance {unknown}
 t - a potion of haste {unknown}
 w - 5 potions of flight {unknown}
 x - a potion of magic {unknown}
 z - a potion of might {unknown}
 C - 3 potions of berserk rage {unknown}
Comestibles
 f - a royal jelly
 u - 4 fruits
 A - a meat ration
 B - 3 bread rations


   Skills:
 + Level 4.0 Fighting
 + Level 5.9 Long Blades
 + Level 1.9 Throwing
 + Level 3.1 Armour
 + Level 4.0 Dodging
 + Level 1.7 Stealth


You had 6 spell levels left.
You didn't know any spells.

Dungeon Overview and Level Annotations

Branches:
Dungeon (5/15)             Temple (0/1) D:4

Altars:
Okawaru
Yredelemnul

Annotations:
D:5 Edmund, Pikel


Innate Abilities, Weirdness & Mutations

You have a pair of small antennae on your head.
A weak demonic guardian rushes to your aid.


Message History

You are too injured to fight recklessly!
You barely miss Edmund.
Edmund is lightly wounded.
Edmund closely misses you.
You hit Edmund but do no damage.
Edmund is lightly wounded.
Edmund completely misses you.
You riposte.
You closely miss Edmund.
Edmund is lightly wounded.
You hit Edmund.
Edmund is lightly wounded.
Edmund hits you but does no damage.
You hit Edmund but do no damage.
Edmund is lightly wounded.
Edmund hits you with a dire flail of crushing!
* * * LOW HITPOINT WARNING * * *
x2 You closely miss Edmund.
Edmund is lightly wounded.
Edmund hits you with a dire flail of crushing!
You die...
Your body rises from the dead as a mindless zombie.

##### #...#
###...#### ........##
########.......######
......@@5..........>#
##########......###.#
#......###.####
#.......[....#<
######.###.#.##
#.##....## #.##..####
#.##.†[... #..#...###


You could see Edmund and a friendly quasit.

Vanquished Creatures
  A slave (D:5)
  A phantom (D:4)
  2 big kobolds (Sewer)
  A scorpion (D:4)
  A howler monkey (D:4)
  A quasit (Sewer)
  An iguana (D:4)
  An orc wizard (D:3)
  A worker ant (D:4)
  3 big kobold zombies (Sewer)
  Robin (D:3)
  6 adders
  3 gnolls (D:4)
  A shadow imp (Sewer)
  2 ufetubi (Sewer)
  2 oozes
  A worm (D:2)
  A dart slug (D:3)
  5 leopard geckos
  16 orcs
  A ball python (D:2)
  A bat zombie (Sewer)
  7 giant cockroaches
  13 goblins
  17 hobgoblins
  17 jackals
  14 kobolds
  6 bats
  2 frilled lizards (D:2)
  2 kobold zombies (Sewer)
  13 rats
144 creatures vanquished.

Vanquished Creatures (collateral kills)
  Grinder (Sewer)
  An orc priest (D:3)
  2 adders (Sewer)
  An ooze (Sewer)
  2 orcs (D:3)
  A goblin (D:3)
  2 kobolds (Sewer)
10 creatures vanquished.

Vanquished Creatures (others)
  A giant cockroach zombie (Sewer)
  A kobold zombie (Sewer)
2 creatures vanquished.

Grand Total: 156 creatures vanquished

Notes
Turn   | Place    | Note
-------+----------+-------------------------------------------
     0 | D:1      | polly the Demonspawn Gladiator began the quest for the Orb.
     0 | D:1      | Reached XP level 1. HP: 16/16 MP: 1/1
   301 | D:1      | Gained mutation: A weak demonic guardian rushes to your aid. [demonic ancestry]
   301 | D:1      | Reached XP level 2. HP: 19/22 MP: 2/2
   348 | D:1      | Reached skill level 3 in Long Blades
   621 | D:1      | Gained mutation: You have a pair of small antennae on your head. [demonic ancestry]
   621 | D:1      | Reached XP level 3. HP: 23/27 MP: 3/3
  1306 | D:2      | Reached XP level 4. HP: 33/33 MP: 4/4
  1380 | D:2      | Reached skill level 1 in Armour
  1762 | D:3      | Noticed Robin
  1805 | D:3      | Killed Robin
  1908 | D:3      | Reached skill level 4 in Long Blades
  1908 | D:3      | Reached XP level 5. HP: 22/39 MP: 5/5
  2083 | D:3      | Found a faded altar of an unknown god.
  2193 | D:3      | Reached skill level 1 in Stealth
  2495 | D:3      | Found an iron altar of Okawaru.
  2496 | D:3      | Found a basalt altar of Yredelemnul.
  2509 | D:3      | Became a worshipper of Yredelemnul the Dark
  2790 | D:4      | Reached XP level 6. HP: 29/47 MP: 6/6
  2876 | D:4      | Found a staircase to the Ecumenical Temple.
  3067 | D:4      | Found a glowing drain.
  3110 | Sewer    | Entered a sewer
  3231 | Sewer    | Reached skill level 5 in Long Blades
  3244 | Sewer    | Found a burning altar of Makhleb.
  3247 | Sewer    | Reached * piety under Yredelemnul
  3261 | Sewer    | Noticed Grinder
  3288 | Sewer    | Killed Grinder
  3288 | Sewer    | Reached XP level 7. HP: 35/52 MP: 7/7
  4180 | D:5      | Entered Level 5 of the Dungeon
  4213 | D:5      | Noticed Pikel
  4243 | D:5      | Noticed Edmund
  4254 | D:5      | Slain by Edmund

Vault maps used:
D:1:      ncdulo_halloftheorcs, minmay_unequal
D:2:      st_stairs_11
D:3:      lemuel_upstairs_altar, gammafunk_temple_overflow_pools,
          chequers_ecumenical_altar_simple, uniq_robin
D:4:      minmay_temple_entry_poolview, first_bread, gup_sewer_entry_bowl,
          grunt_ministairs_8
D:5:      uniq_edmund, uniq_pikel
Sewer:    kennysheep_sewer_church

Skill      XL: |  1  2  3  4  5  6  7 |
---------------+----------------------+-----
Dodging        | 3 4 |  4.0
Long Blades    | 3 4 5 |  5.9
Armour         | 1 2 3 |  3.1
Stealth        | 1 |  1.7
Fighting       | 3 4 |  4.0
Throwing       | |  1.9

Action                   |  1- 3 |  4- 6 |  7- 9 || total
-------------------------+-------+-------+-------++-------
Melee: Long sword        |   109 |   271 |   133 ||   513
  Use: Potion            |       |     5 |       ||     5
 Stab: Sleeping          |     1 |     4 |     1 ||     6
       Distracted        |       |     2 |     1 ||     3
  Eat: Chunk             |       |     6 |       ||     6
       Royal jelly       |       |     1 |       ||     1
       Bread ration      |       |       |     1 ||     1
Armor: Leather armour    |    25 |    58 |    48 ||   131
       Skin              |       |     8 |       ||     8
Dodge: Dodged            |    86 |   233 |   152 ||   471
       Rpst.: Long sword |    20 |    69 |    36 ||   125
